 Dungeon Crawl Stone Soup version 0.31-a0-210-gccc998df9b (webtiles) character file.

Game seed: 17272750525048425268

69 Anon1729 the Trooper (level 4, -1/40 HPs)
             Began as a Minotaur Monk on June 30, 2023.
             Slain by an iguana (13 damage)
             ... on level 4 of the Dungeon.
             The game lasted 00:00:31 (1353 turns).

Anon1729 the Trooper (Minotaur Monk)                Turns: 1353, Time: 00:00:31

Health: -1/40      AC:  2    Str: 16    XL:     4   Next: 2%
Magic:  4/4        EV: 13    Int:  7    God:
Gold:   103        SH:  0    Dex: 14    Spells: 3/3 levels left

rFire   . . .        a - +0 short sword
rCold   . . .        d - orb {light}
rNeg    . . .        b - +0 robe
rPois   .            (helmet restricted)
rElec   .            (no cloak)
rCorr   .            (no gloves)
SInv    .            (no boots)
Will    .....        (no amulet)
Stlth   +            (no ring)
HPRegen 0.26/turn    (no ring)
MPRegen 0.09/turn

%: no passive effects
@: glowing
A: horns 2, retaliatory headbutt
a: no special abilities


You were on level 4 of the Dungeon.
You visited 1 branch of the dungeon, and saw 3 of its levels.

You collected 103 gold pieces.

Inventory:

Hand Weapons
 a - a +0 short sword (weapon)
Armour
 b - a +0 robe (worn)
 d - an orb of light (worn)
Scrolls
 f - a scroll of amnesia {unknown}
 g - 3 scrolls of identify {unknown}
 h - a scroll of teleportation {unknown}
 i - a scroll of noise {unknown}
 k - a scroll of poison {unknown}
Potions
 c - 2 potions of ambrosia
 e - a potion of cancellation {unknown}
 j - a potion of brilliance {unknown}


   Skills:
 + Level 4.1 Fighting
 + Level 3.7 Short Blades
 + Level 1.8 Armour
 + Level 3.8 Dodging
 + Level 1.3 Invocations


You had 3 spell levels left.
You didn't know any spells.
Your spell library was empty.

Dungeon Overview and Level Annotations

Branches:
Dungeon (4/15)
 Temple: D:4-7

Altars:


Innate Abilities, Weirdness & Mutations

You have a pair of horns on your head.
You reflexively headbutt those who attack you in melee.


Message History

There are monsters nearby!
The hobgoblin completely misses you.
You hit the iguana.
The iguana is lightly wounded.
The hobgoblin completely misses you. The iguana bites you!
You hit the iguana but do no damage. Your headbutt misses the iguana.
The hobgoblin closely misses you. The iguana barely misses you.
You barely miss the iguana. The hobgoblin barely misses you.
The iguana barely misses you.
You barely miss the iguana. The hobgoblin hits you. The iguana misses you.
You hit the iguana.
The iguana is lightly wounded.
You hit the iguana but do no damage.
The iguana is lightly wounded.
The hobgoblin hits you. The iguana closely misses you.
You hit the iguana but do no damage.
The iguana is lightly wounded.
The hobgoblin hits you. The iguana bites you!
You are too injured to fight recklessly!
You are too injured to fight recklessly!
You are too injured to fight recklessly!
You are too injured to fight recklessly!
You are too injured to fight recklessly!
You are too injured to fight recklessly!
You are too injured to fight recklessly!
You are too injured to fight recklessly!
You are too injured to fight recklessly!
You are too injured to fight recklessly!
You are too injured to fight recklessly!
You are too injured to fight recklessly!
You are too injured to fight recklessly!
You are too injured to fight recklessly!
You are too injured to fight recklessly!
You are too injured to fight recklessly!
You hit the hobgoblin. Your headbutt misses the hobgoblin.
The hobgoblin is moderately wounded.
The hobgoblin hits you. The iguana bites you.
* * * LOW HITPOINT WARNING * * *
The hobgoblin barely misses you. The iguana bites you!
You die...

.. .$.### # ....##
####### ..!.##
......######....##
.................####
........####........#
................?...#
........#...........#
...........#....@..(#
........####...lg...#
....................#
........####........#
........# #........#
........# #........#
........# ##########
........# .......##


You could see an iguana and a hobgoblin.

Vanquished Creatures
  2 adders
  An ufetubus (D:4)
  3 endoplasms (D:1)
  A giant cockroach (D:2)
  6 goblins
  6 hobgoblins
  2 jackals (D:2)
  3 kobolds
  3 quokkas
  5 ball pythons
  2 bats
  5 frilled lizards (D:1)
  5 rats
44 creatures vanquished.

Notes
Turn   | Place    | Note
-------+----------+-------------------------------------------
     0 | D:1      | Anon1729 the Minotaur Monk began the quest for the Orb.
     0 | D:1      | Reached XP level 1. HP: 19/19 MP: 0/0
   205 | D:1      | Reached XP level 2. HP: 21/27 MP: 1/1
   341 | D:1      | Reached skill level 1 in Armour
   547 | D:1      | Found a faded altar of an unknown god.
   712 | D:1      | Reached skill level 1 in Invocations
   782 | D:2      | Reached skill level 4 in Fighting
   782 | D:2      | Reached XP level 3. HP: 33/33 MP: 2/2
  1198 | D:2      | You fall into a shaft and drop 2 floors!
  1250 | D:4      | Reached XP level 4. HP: 24/40 MP: 2/4
  1353 | D:4      | Slain by an iguana

Illustrated notes

Levels and vault maps discovered:
D:1:      heliophobic_arrival_battle_scene, layout_basic,
          dreamdust_ecumenical_altar_statues, minmay_misc_feat_ornament
D:2:      layout_basic, serial_corexii_hall, chequers_hall_statues_wall_a,
          chequers_hall_statues_y, uniq_sigmund
D:4:      layout_rooms, serial_shops, nicolae_shop_tiny_statue_garden,
          fountainhead

Skill      XL: |  1  2 |
---------------+-------+-----
Armour         | 1 |  1.8
Invocations    | 1 |  1.3
Fighting       | 4 |  4.1
Short Blades   | |  3.7
Dodging        | |  3.8

Action                     |  1- 3 |  4- 6 || total
---------------------------+-------+-------++-------
  Melee: Short sword       |    99 |     8 ||   107
         Headbutt          |    19 |       ||    19
 Armour: Robe              |    11 |       ||    11
  Dodge: Dodged            |    49 |     9 ||    58

Table legend: (Time is in decaauts)
 A = Elapsed time spent in this place.
 B = Non-inter-level travel time spent in this place.
 C = Inter-level travel time spent in this place.
 D = Time resting spent in this place.
 E = Time spent auto-exploring this place.
 F = Levels seen in this place.
 G = Mean time per level.
                   A        B        C        D        E       F      G
               +--------+--------+--------+--------+--------+-----+--------+
         Total |   1333 |   1298 |     35 |      0 |   1081 |   3 |  444.3 |
       Dungeon |   1333 |   1298 |     35 |      0 |   1081 |   3 |  444.3 |
               +--------+--------+--------+--------+--------+-----+--------+

Top non-repeatable levels by time:
     D:1: 768 daAuts
     D:2: 414 daAuts
     D:4: 150 daAuts
